Map: 粉红之都 - 天梯版

Players

herO - Winner!

  • Race: Protoss Protoss
  • Spawn Location: 7:00

Neeb

  • Race: Protoss Protoss
  • Spawn Location: 1:00

Event: 2018 Hangzhou StarCraft Carnival

VOD

https://www.youtube.com/watch?v=m6drGUdn2xs

Description

Time

  • Played on: May 1, 2018, 3:09 a.m.
  • Length: 6:42

All games in this series

Show
View Real Time Build Order
Export as new Build Order

herO Protoss - Winner!

Build Orders: Oracle Opening, Phoenix Opening 

Get SALT Encoding   

  12  0:00  Probe  
  13  0:13  Probe  
  14  0:17  Pylon  
  14  0:24  Probe  
  15  0:32  Probe  
  15  0:37  Gateway  
  15  0:40  Probe  
  16  0:46  Assimilator  
  17  0:50  Probe  
  17  0:54  Assimilator  
  18  0:59  Probe  
  19  1:07  Gateway, Probe  
  20  1:17  Probe  
  20  1:24  Cybernetics Core  
  21  1:29  Probe  
  22  1:34  Pylon  
  22  1:41  Probe  
  23  1:54  Probe  
  24  2:00  Warp Gate, Stalker  
  24  2:01  Stalker  
  28  2:13  Pylon  
  28  2:20  Shield Battery  
  27  2:31  Adept x2  
  27  2:35  Stargate  
  31  2:56  Nexus  
  31  3:02  Shield Battery  
  31  3:11  Oracle, Stalker  
  36  3:28  Probe  
  37  3:40  Phoenix  
  36  3:51  Gateway  
  37  3:58  Phoenix  
  37  4:07  Pylon  
  37  4:08  Zealot  
  41  4:13  Stalker  
  41  4:15  Phoenix  
  45  4:33  Phoenix  
  47  4:47  Zealot, Stalker  
  47  4:51  Zealot  
  53  4:57  Phoenix  
  53  5:05  Pylon  
  55  5:15  Phoenix  
  55  5:23  Zealot  
  59  5:30  Stalker  
  44  5:53  Phoenix  
  40  5:58  Probe  
  40  5:59  Probe  
  44  6:11  Probe  
  44  6:12  Zealot x2, Probe  
  44  6:13  Phoenix  
  44  6:18  Stalker  
  51  6:38  Stalker x2  
Show
View Real Time Build Order
Export as new Build Order

Neeb Protoss 

Build Orders: Phoenix Opening 

Get SALT Encoding   

  12  0:02  Probe  
  14  0:14  Probe  
  14  0:18  Pylon  
  14  0:25  Probe  
  15  0:33  Probe  
  15  0:38  Gateway  
  15  0:41  Probe  
  16  0:47  Assimilator  
  17  0:52  Probe  
  17  0:55  Assimilator  
  18  1:00  Probe  
  19  1:08  Probe  
  19  1:10  Gateway  
  20  1:19  Probe  
  21  1:27  Cybernetics Core  
  21  1:31  Probe  
  22  1:37  Pylon  
  22  1:43  Probe  
  23  1:54  Warp Gate  
  23  1:55  Stalker, Probe  
  24  2:04  Sentry  
  24  2:07  Probe  
  29  2:16  Pylon  
  29  2:26  Stalker  
  31  2:33  Stalker  
  32  2:53  Stargate  
  32  3:02  Nexus  
  32  3:05  Pylon  
  32  3:08  Probe  
  33  3:20  Probe  
  33  3:22  Pylon  
  34  3:32  Probe  
  33  3:37  Phoenix  
  34  3:44  Probe  
  35  3:57  Probe  
  35  4:02  Phoenix  
  38  4:07  Robotics Facility  
  38  4:09  Probe  
  39  4:12  Probe  
  40  4:20  Probe  
  40  4:21  Probe  
  41  4:24  Adept  
  41  4:25  Adept  
  41  4:28  Probe  
  46  4:33  Probe  
  46  4:34  Phoenix  
  50  4:41  Probe  
  50  4:45  Probe, Immortal  
  52  4:53  Probe  
  58  5:00  Sentry  
  58  5:05  Phoenix  
  61  5:08  Pylon  
  61  5:10  Shield Battery x2  
  57  5:21  Stalker  
  57  5:24  Probe x2  
  57  5:25  Zealot  
  63  5:40  Phoenix  
  63  5:41  Probe x2  
  59  5:49  Zealot x2  
  47  5:52  Probe  
  47  5:54  Probe  
  40  6:00  Probe  
  35  6:04  Assimilator  
  35  6:06  Assimilator, Probe  
  35  6:08  Probe  
  37  6:18  Probe  
  35  6:20  Probe  
  36  6:27  Probe  
  36  6:28  Probe  
Tags
 
Add a new tag
Caveats
  • Supply blocks, unpowered buildings, or Contaminate may cause inaccurate times.
  • Supply counts are checked every 10 seconds.